[Event "Titled Tuesday Blitz August 16 Early 2022"]
[White "Bykhovsky, Anatoly"]
[Black "Atanasov, Anthony"]
[WhiteFideId "2806991"]
[BlackFideId "2623897"]
[WhiteElo "2540"]
[BlackElo "1928"]
[Result "1/2-1/2"]
[Round "02"]
[TimeControl "180+2"]
[Date "2022.08.18"]
[WhiteClock "0:00:00"]
[BlackClock "0:00:00"]

1. Nf3 Nf6 2. g3 d5 3. Bg2 Bf5 4. c4 e6 5. Qb3 Nc6 6. cxd5 exd5 7. O-O Rb8 8. d3 Be7 9. Bf4 O-O 10. Nc3 h6 11. Rac1 d4 12. Nb5 Be6 13. Qa4 Nd5 14. Nbxd4 Nxf4 15. gxf4 Nxd4 16. Nxd4 Bd7 17. Qb3 c5 18. Nf3 Be6 19. Qa4 b5 20. Qc2 Qa5 21. Ne5 Rbc8 22. Nc6 Qc7 23. Nxe7+ Qxe7 24. a3 a5 25. Qd2 b4 26. axb4 axb4 27. Qe3 Qf6 28. Qe5 c4 29. Qxf6 gxf6 30. dxc4 Rxc4 31. Rxc4 Bxc4 32. Bf3 Rd8 33. Rc1 Bb3 34. e3 Rd2 35. Rc8+ Kg7 36. Rb8 Rxb2 37. Rxb4 f5 38. Kg2 Kf6 39. Rb6+ Kg7 40. Kg3 Rb1 41. Bg2 f6 42. Rb7+ Kg6 43. h4 h5 44. Kh2 Bc2 45. Rxb1 Bxb1 46. Kg1 Bc2 47. Kf1 Kf7 48. Bf3 Bd3+ 49. Ke1 Kg6 50. Kd2 Be4 51. Be2 Kf7 52. Bxh5+ Ke6 53. Be2 Bc6 54. Kc3 Be8 55. Kd4 Ke7 56. Bd3 Bg6 57. f3 Kd6 58. e4 fxe4 59. fxe4 Ke7 60. e5 Bf7 61. Bf5 fxe5+ 62. fxe5 Kf8 63. Ke3 Kg7 64. Kf4 Bc4 65. Kg5 Bb3 66. h5 Bc4 67. h6+ Kg8 68. Kf6 Kh8 69. Be6 Bb5 70. Bf5 Bc4 71. Ke7 Bb3 72. Kd6 Bc4 73. Be6 Bd3 74. Bf7 Bf5 75. Ke7 Kh7 76. Kf6 Bd7 77. Be6 Bc6 78. Kg5 Kh8 79. Bf5 Bd5 80. Kf6 Bc4 1/2-1/2


[Site "https://www.chess.com"]

[Event "Titled Tuesday Blitz August 16 Early 2022"]
[White "Cannon, David"]
[Black "Skliarov, Viktor"]
[WhiteFideId "3213110"]
[BlackFideId "14106736"]
[WhiteElo "1901"]
[BlackElo "2257"]
[Result "0-1"]
[Round "02"]
[TimeControl "180+2"]
[Date "2022.08.18"]
[WhiteClock "0:00:00"]
[BlackClock "0:00:00"]

1. d4 Nf6 2. c4 e6 3. Nf3 b6 4. g3 Bb7 5. Bg2 Be7 6. O-O O-O 7. Nc3 Ne4 8. Qc2 Nxc3 9. Qxc3 d6 10. b3 Nd7 11. Bb2 Nf6 12. Nd2 Bxg2 13. Kxg2 a5 14. e4 Qc8 15. f4 Qb7 16. Rae1 d5 17. cxd5 exd5 18. e5 Ne4 19. Nxe4 dxe4 20. f5 Bb4 21. Qe3 Bxe1 22. f6 Bd2 23. Qe2 Bh6 24. g4 e3+ 25. Kg1 Qe4 26. h4 Rfd8 27. g5 Qxh4 28. gxh6 Qxh6 29. fxg7 Rd7 30. Qg4 Qxg7 0-1


[Site "https://www.chess.com"]

[Event "Titled Tuesday Blitz August 16 Early 2022"]
[White "Chen, Justin"]
[Black "Jaferian, Koosha"]
[WhiteFideId "2098199"]
[BlackFideId "12507440"]
[WhiteElo "2289"]
[BlackElo "2030"]
[Result "1-0"]
[Round "02"]
[TimeControl "180+2"]
[Date "2022.08.18"]
[WhiteClock "0:00:00"]
[BlackClock "0:00:00"]

1. e4 c6 2. d4 d5 3. exd5 cxd5 4. Bd3 Nc6 5. c3 Qc7 6. Ne2 Bg4 7. O-O e6 8. Qe1 Nf6 9. f3 Bh5 10. Qh4 Rg8 11. Bg5 Bg6 12. Nf4 Bxd3 13. Nxd3 Be7 14. Nd2 h6 15. Bxf6 Bxf6 16. Qg3 Qb6 17. Rae1 Ne7 18. Qf2 O-O-O 19. Nb3 Kb8 20. Nbc5 Ka8 21. a4 Nf5 22. Ra1 Qc7 23. a5 Nd6 24. Rfb1 g5 25. Kh1 Be7 26. Qe2 Nf5 27. b4 Bd6 28. b5 Bxh2 29. b6 Qd6 30. Qe1 a6 31. Nxb7 Kxb7 32. Nc5+ Kc6 33. b7 Qg3 34. Rb6+ Kc7 35. Nxa6+ Kd7 36. Nc5+ Ke7 37. Rxe6+ Kf8 38. Rf6 Qf4 39. Ne6+ Ke7 40. Nxf4+ Kxf6 41. Kxh2 gxf4 42. Qe5+ Kg6 43. Qxf4 Kf6 44. a6 Rg5 45. g4 Rdg8 46. b8=Q Rxb8 47. Qxb8 Nh4 48. Qf4+ Kg6 49. a7 f5 50. a8=Q fxg4 51. Qg8+ Kh5 52. Qxg4+ Rxg4 53. Qxg4# 1-0


[Site "https://www.chess.com"]

[Event "Titled Tuesday Blitz August 16 Early 2022"]
[White "Ciuffoletti, Paolo"]
[Black "Miszler, Levente"]
[WhiteFideId "807630"]
[BlackFideId "763276"]
[WhiteElo "2143"]
[BlackElo "1966"]
[Result "1-0"]
[Round "02"]
[TimeControl "180+2"]
[Date "2022.08.18"]
[WhiteClock "0:00:00"]
[BlackClock "0:00:00"]

1. e4 e6 2. d4 d5 3. e5 c5 4. c3 Nc6 5. Nf3 Qb6 6. a3 f6 7. Bd3 fxe5 8. dxe5 g6 9. O-O Bg7 10. c4 Nge7 11. Nc3 O-O 12. Re1 Qc7 13. Bg5 d4 14. Nb5 Qb8 15. Nd6 Nf5 16. Bxf5 exf5 17. b4 Nxe5 18. Be7 Nxf3+ 19. Qxf3 Bd7 20. Qd5+ Kh8 21. Bxf8 Qxf8 22. Nf7+ Kg8 23. Ne5+ Kh8 24. Nxd7 Qd8 25. Nxc5 Qg5 26. Qf7 Qh6 27. Re8+ Rxe8 28. Qxe8+ Bf8 29. Ne6 Kg8 30. Qxf8+ Qxf8 31. Nxf8 Kxf8 32. Rd1 1-0


[Site "https://www.chess.com"]

[Event "Titled Tuesday Blitz August 16 Early 2022"]
[White "Costachi, Mihnea"]
[Black "D`Arruda, Ricardo D."]
[WhiteFideId "1217518"]
[BlackFideId "100692"]
[WhiteElo "2437"]
[BlackElo "2271"]
[Result "1-0"]
[Round "02"]
[TimeControl "180+2"]
[Date "2022.08.18"]
[WhiteClock "0:00:00"]
[BlackClock "0:00:00"]

1. e4 c5 2. Nf3 Nc6 3. b3 Nf6 4. e5 Nd5 5. Bb2 e6 6. c4 Nde7 7. Be2 Nf5 8. O-O Be7 9. Nc3 d5 10. exd6 Bxd6 11. Nb5 Be7 12. d4 cxd4 13. Nfxd4 Ncxd4 14. Nxd4 Bf6 15. Nxf5 Bxb2 16. Nd6+ Ke7 17. c5 Bxa1 18. Qxa1 f6 19. Rd1 Qc7 20. b4 Bd7 21. Qd4 e5 22. Qh4 b6 23. Bg4 bxc5 24. bxc5 Rad8 25. Rd5 Qc6 26. Rxe5+ Kf8 27. Bxd7 Qxd7 28. Re1 h5 29. Qc4 g6 30. Re6 Kg7 31. Qe4 Kh6 32. Qf4+ Kh7 33. Qxf6 Rhf8 34. Re7+ Kh6 35. Qg7+ Kg5 36. Rxd7 1-0


[Site "https://www.chess.com"]

[Event "Titled Tuesday Blitz August 16 Early 2022"]
[White "Cramling Bellon, Anna"]
[Black "Sargissyan, Sargis"]
[WhiteFideId "32009232"]
[BlackFideId "13303210"]
[WhiteElo "1905"]
[BlackElo "2102"]
[Result "0-1"]
[Round "02"]
[TimeControl "180+2"]
[Date "2022.08.18"]
[WhiteClock "0:00:00"]
[BlackClock "0:00:00"]

1. d4 Nf6 2. c4 g6 3. Nc3 d5 4. cxd5 Nxd5 5. e4 Nxc3 6. bxc3 Bg7 7. Qa4+ Nd7 8. Nf3 O-O 9. Bg5 h6 10. Be3 c5 11. Rd1 cxd4 12. cxd4 Nb6 13. Qa3 Bg4 14. Be2 Bxf3 15. Bxf3 Nc4 16. Qb3 Qa5+ 17. Ke2 Nxe3 18. fxe3 Rac8 19. Rc1 b6 20. e5 e6 21. Bb7 Rb8 22. Be4 Rfc8 23. Qb2 Bf8 24. Rxc8 Rxc8 25. Rc1 Rxc1 26. Qxc1 Qxa2+ 27. Kf1 Qa6+ 28. Kg1 Qe2 29. Bf3 Qd3 30. Kf2 h5 31. Be2 Qf5+ 32. Bf3 g5 33. e4 Qg6 34. Qe3 g4 35. Be2 Bh6 36. Qd3 Qg5 37. g3 Kg7 38. Kg2 a5 39. h4 gxh3+ 40. Kxh3 Qe3 41. Qxe3 Bxe3 42. d5 Bd4 43. d6 Bxe5 44. d7 Bc7 45. Bxh5 a4 46. Bd1 b5 47. Bc2 Kf8 48. Bd3 b4 49. Bc4 Ke7 50. Kg4 b3 51. Kf3 b2 52. Ba2 Kxd7 53. Ke3 Bb6+ 54. Kd3 Kd6 55. g4 Ke5 0-1


[Site "https://www.chess.com"]

[Event "Titled Tuesday Blitz August 16 Early 2022"]
[White "Cruz Mendez, Jean Marco"]
[Black "Hansen, Eric"]
[WhiteFideId "3526402"]
[BlackFideId "2606771"]
[WhiteElo "2064"]
[BlackElo "2568"]
[Result "0-1"]
[Round "02"]
[TimeControl "180+1"]
[Date "2022.08.16"]
[WhiteClock "0:00:11"]
[BlackClock "0:00:13"]

1. e4 c5 2. Nf3 e6 3. Qe2 Nc6 4. g3 e5 5. Bg2 Nf6 6. O-O Be7 7. Nc3 d6 8. Nd5 O-O 9. c3 Re8 10. d3 Nxd5 11. exd5 Nb8 12. Re1 Nd7 13. d4 Bf6 14. dxe5 Nxe5 15. Nxe5 Rxe5 16. Qd1 Bg4 17. f3 Rxe1+ 18. Qxe1 Bd7 19. Bf4 Qb6 20. Qd2 Re8 21. Be3 Qa6 22. a3 Qc4 23. Re1 h6 24. Bf2 Rxe1+ 25. Bxe1 b5 26. Qd1 Qa2 27. Qd2 a5 28. f4 Bf5 29. h3 h5 30. Kh2 Qb1 31. b4 cxb4 32. cxb4 a4 33. Qe3 Qb2 34. Qe8+ Kh7 35. Qxf7 Bg6 36. Qe6 Qc2 37. g4 hxg4 38. hxg4 Bd3 39. g5 Bd4 40. f5 Bxf5 41. Qxd6 Be4 42. Qg3 Be5 0-1


[Site "https://www.chess.com"]

[Event "Titled Tuesday Blitz August 16 Early 2022"]
[White "Csonka, Balazs"]
[Black "Buscar, Michael"]
[WhiteFideId "742910"]
[BlackFideId "2603616"]
[WhiteElo "2404"]
[BlackElo "2010"]
[Result "1-0"]
[Round "02"]
[TimeControl "180+2"]
[Date "2022.08.18"]
[WhiteClock "0:00:00"]
[BlackClock "0:00:00"]

1. e4 e5 2. Nf3 Nf6 3. Nc3 Nc6 4. Bb5 Bc5 5. O-O d6 6. d4 exd4 7. Nxd4 Bd7 8. Bxc6 bxc6 9. Bg5 h6 10. Bh4 g5 11. Bg3 Qe7 12. Re1 O-O 13. e5 Bxd4 14. Qxd4 dxe5 15. Bxe5 c5 16. Qd3 Be6 17. Qf3 Ng4 18. Bg3 Rad8 19. Qxg4 1-0


[Site "https://www.chess.com"]

[Event "Titled Tuesday Blitz August 16 Early 2022"]
[White "Delorme, Axel"]
[Black "Sadubayev, Airat"]
[WhiteFideId "632023"]
[BlackFideId "13713264"]
[WhiteElo "2474"]
[BlackElo "2151"]
[Result "1/2-1/2"]
[Round "02"]
[TimeControl "180+2"]
[Date "2022.08.18"]
[WhiteClock "0:00:00"]
[BlackClock "0:00:00"]

1. d4 d5 2. c4 c6 3. Nf3 Nf6 4. e3 e6 5. Nc3 Nbd7 6. Bd3 dxc4 7. Bxc4 b5 8. Be2 Bb7 9. e4 b4 10. e5 bxc3 11. exf6 Qxf6 12. bxc3 c5 13. Bb5 cxd4 14. Qa4 Rd8 15. Bg5 Qf5 16. Bxd8 Kxd8 17. Bxd7 Qe4+ 18. Kf1 Qd3+ 19. Kg1 Bxf3 20. gxf3 Qg6+ 21. Kf1 Qd3+ 22. Ke1 Qxc3+ 23. Kf1 Qxa1+ 24. Kg2 Qb2 25. Rd1 Bc5 26. Qc6 Qc2 27. Rg1 Ke7 28. Bc8 Kf8 29. Bxe6 Qg6+ 30. Kh1 Qxe6 31. Qxc5+ Kg8 32. Rb1 h6 33. Qxd4 Kh7 34. Qe4+ Qxe4 35. fxe4 Re8 36. f3 Re7 37. Rb5 Kg6 38. Kg2 Kf6 39. Kg3 g5 40. h4 Kg6 41. hxg5 hxg5 42. Kg4 f6 43. Ra5 Rc7 44. Ra6 Rh7 45. Kg3 Rb7 46. e5 Rb6 47. Rxa7 fxe5 48. a4 Re6 49. a5 e4 50. fxe4 Rxe4 51. Ra8 Kh5 52. a6 Ra4 53. a7 Ra3+ 54. Kf2 Kg4 55. Rb8 Rxa7 56. Rb3 Rd7 57. Kg2 Re7 58. Ra3 Re2+ 59. Kg1 Rb2 60. Rc3 Kh4 61. Ra3 Rb4 62. Rc3 Rf4 63. Ra3 Rd4 64. Kg2 Rd2+ 65. Kg1 Rd1+ 66. Kg2 Rd2+ 67. Kg1 Rd5 68. Rb3 g4 69. Ra3 Rf5 70. Rb3 Kg5 71. Ra3 Kf4 72. Kg2 Kg5 73. Rb3 Re5 74. Ra3 Re2+ 75. Kg1 Rc2 76. Rb3 Kf4 77. Ra3 Rb2 78. Rc3 Rd2 79. Ra3 Re2 80. Rb3 Re1+ 81. Kg2 Re5 82. Ra3 Re3 83. Rxe3 Kxe3 84. Kg3 Ke2 85. Kxg4 1/2-1/2


[Site "https://www.chess.com"]

[Event "Titled Tuesday Blitz August 16 Early 2022"]
[White "Demchenko, Anton"]
[Black "Issabayev, Dias"]
[WhiteFideId "4160258"]
[BlackFideId "13703110"]
[WhiteElo "2539"]
[BlackElo "2291"]
[Result "1-0"]
[Round "02"]
[TimeControl "180+2"]
[Date "2022.08.18"]
[WhiteClock "0:00:00"]
[BlackClock "0:00:00"]

1. e4 e5 2. Nf3 Nc6 3. Bc4 Nf6 4. d3 h6 5. Nc3 d6 6. a4 g5 7. h4 g4 8. Nh2 Rg8 9. Nf1 Nh5 10. Ne3 Nf4 11. g3 Nh3 12. Ne2 Be6 13. c3 h5 14. a5 a6 15. Qb3 Qc8 16. Nd5 Bg7 17. Be3 Ne7 18. Nxe7 Kxe7 19. d4 Bxc4 20. Qxc4 Qd7 21. dxe5 Bxe5 22. Nd4 Bxd4 23. cxd4 Rae8 24. Rc1 Kd8 25. d5 f5 26. exf5 Rgf8 27. Kd2 Rxf5 28. Rhe1 Qf7 29. Bd4 Rxd5 30. Rxe8+ Kxe8 31. Re1+ Kd7 32. Re4 Qxf2+ 33. Kc3 Qf3+ 34. Re3 Qf5 35. Qe2 Kc6 36. Re7 Qf3+ 37. Qxf3 gxf3 38. Rf7 f2 39. Bxf2 Rxa5 40. Bd4 Rb5 41. Rg7 Rf5 42. g4 Rf3+ 43. Kd2 hxg4 44. Rxg4 Nf4 45. Be3 Nd5 46. Bg5 Rh3 47. Rg2 Kc5 48. Re2 Nb4 49. Kc1 1-0


[Site "https://www.chess.com"]

[Event "Titled Tuesday Blitz August 16 Early 2022"]
[White "Dounis, Alexandros"]
[Black "Belov, Vladimir"]
[WhiteFideId "4213238"]
[BlackFideId "4132394"]
[WhiteElo "2204"]
[BlackElo "2501"]
[Result "0-1"]
[Round "02"]
[TimeControl "180+1"]
[Date "2022.08.16"]
[WhiteClock "0:00:07"]
[BlackClock "0:00:08"]

1. Nf3 Nf6 2. g3 d5 3. Bg2 c6 4. O-O Bg4 5. d3 Nbd7 6. c4 e6 7. h3 Bh5 8. cxd5 exd5 9. Nc3 Bc5 10. e4 dxe4 11. dxe4 Bxf3 12. Qxf3 Ne5 13. Qf5 Qe7 14. Bg5 h6 15. Bxf6 Qxf6 16. Qxf6 gxf6 17. Rad1 Ke7 18. Na4 Bb6 19. b3 Rhd8 20. Nb2 Bd4 21. Rd2 Bc3 22. Rc2 Bxb2 23. Rxb2 Rd3 24. f4 Nd7 25. Kf2 Nc5 26. Rc2 Ne6 27. Rfc1 a5 28. Bf1 Rd4 29. Ke3 Rad8 30. Rc3 Rd2 31. R1c2 Rd1 32. Rc1 R1d2 33. R1c2 R2d7 34. Bc4 Nd4 35. Rf2 f5 36. exf5 Nxf5+ 37. Kf3 Kf6 38. Kg2 b5 39. Bf1 Rd6 40. Rfc2 b4 41. Rxc6 Ne3+ 42. Kf3 Nxc2 43. Rxc2 Rd2 44. Rc6+ R8d6 45. Rc5 Rxa2 46. Bc4 Rc2 47. Kg4 Rc3 48. Rxa5 h5+ 49. Rxh5 Rd2 50. Rf5+ Kg6 51. Rxf7 Rxc4 52. Rb7 Rc3 53. Rxb4 Rg2 54. Rb6+ Kf7 55. Kf5 Rgxg3 56. b4 Rxh3 57. Rb7+ Ke8 58. b5 Rh5+ 59. Kg6 Rhc5 60. f5 Rg3+ 61. Kf6 Rf3 62. Ke6 Kd8 63. f6 Re3+ 64. Kf7 Rf5 65. b6 Ref3 66. Rb8+ Kd7 67. Kg7 Rxf6 68. Rb7+ Kc6 69. Ra7 Kxb6 70. Ra1 R6f4 71. Rg1 Kc5 72. Rg5+ Kd4 73. Rg1 Ke4 74. Kg6 Rf6+ 75. Kg5 R6f5+ 76. Kg4 R3f4+ 77. Kh3 Ke5 78. Re1+ Kf6 79. Re8 Rg5 80. Rf8+ Ke5 81. Re8+ Kf5 82. Rf8+ Ke4 83. Re8+ Kf3 84. Rh8 Rfg4 85. Rh6 Rg1 86. Kh2 R5g2+ 87. Kh3 Rh1# 0-1


[Site "https://www.chess.com"]

[Event "Titled Tuesday Blitz August 16 Early 2022"]
[White "Drygalov, Sergey"]
[Black "Orlov, Georgi"]
[WhiteFideId "24171743"]
[BlackFideId "2011271"]
[WhiteElo "2523"]
[BlackElo "2594"]
[Result "1-0"]
[Round "02"]
[TimeControl "180+1"]
[Date "2022.08.16"]
[WhiteClock "0:00:55"]
[BlackClock "0:00:06"]

1. d4 Nf6 2. c4 Nc6 3. Nf3 e6 4. g3 Bb4+ 5. Bd2 Qe7 6. Nc3 d5 7. Bg2 O-O 8. O-O dxc4 9. Bg5 h6 10. Bh4 g5 11. Nxg5 hxg5 12. Bxg5 Qd8 13. Qd2 Be7 14. Bh6 Kh7 15. Bxf8 Bxf8 16. Rad1 Bg7 17. e4 Kg8 18. e5 Nd5 19. Ne4 b6 20. h4 Ba6 21. Rfe1 Ncb4 22. Ng5 Nxa2 23. Qc2 Kf8 24. Qh7 c3 25. Qh5 Qd7 26. Bxd5 exd5 27. e6 fxe6 28. Qg6 Kg8 29. Rxe6 Bb5 30. Rde1 c2 31. Qxc2 Nb4 32. Qh7+ Kf8 33. Re7 Bd3 34. Qxg7# 1-0


[Site "https://www.chess.com"]

[Event "Titled Tuesday Blitz August 16 Early 2022"]
[White "Dubov, Daniil"]
[Black "Sovetbekova, Nurai"]
[WhiteFideId "24126055"]
[BlackFideId "13801910"]
[WhiteElo "2791"]
[BlackElo "1646"]
[Result "1-0"]
[Round "02"]
[TimeControl "180+2"]
[Date "2022.08.18"]
[WhiteClock "0:00:00"]
[BlackClock "0:00:00"]

1. e4 c5 2. Nf3 d6 3. g3 g6 4. d4 cxd4 5. Nxd4 Bg7 6. Bg2 e6 7. O-O Ne7 8. c4 O-O 9. Nc3 Nbc6 10. Be3 Bd7 11. Qd2 Ne5 12. b3 a6 13. h3 Qc7 14. Rac1 Rad8 15. Bh6 N7c6 16. Bxg7 Kxg7 17. f4 Qb6 18. Rfd1 Bc8 19. Qf2 Nxd4 20. Qxd4 Qxd4+ 21. Rxd4 Nc6 22. Rd2 e5 23. Rcd1 Nd4 24. Ne2 Nxe2+ 25. Rxe2 exf4 26. gxf4 b5 27. cxb5 axb5 28. Red2 Bb7 29. Rxd6 Rc8 30. Rb6 Ba8 31. Rd2 Rc1+ 32. Kf2 Re8 33. e5 Bxg2 34. Kxg2 Rc5 35. Rb7 g5 36. Rdd7 gxf4 37. Rxf7+ Kg8 38. Rg7+ Kh8 39. Rxh7+ Kg8 40. Rbg7+ Kf8 41. Rh8+ Kxg7 42. Rxe8 Kf7 43. Rb8 Rxe5 44. Kf3 Rh5 45. Kg4 Rh6 46. Rxb5 Rg6+ 47. Kxf4 Rg2 48. a4 1-0


[Site "https://www.chess.com"]

[Event "Titled Tuesday Blitz August 16 Early 2022"]
[White "Ezat, Mohamed"]
[Black "Fier, Alexandr"]
[WhiteFideId "10600906"]
[BlackFideId "2107139"]
[WhiteElo "2386"]
[BlackElo "2598"]
[Result "1-0"]
[Round "02"]
[TimeControl "180+2"]
[Date "2022.08.18"]
[WhiteClock "0:00:00"]
[BlackClock "0:00:00"]

1. d4 Nf6 2. c4 c5 3. d5 e6 4. Nc3 exd5 5. cxd5 d6 6. e4 g6 7. f4 Bg7 8. Bb5+ Nfd7 9. Be2 Qh4+ 10. g3 Qe7 11. Nf3 O-O 12. O-O Nf6 13. e5 Ne8 14. Ne4 Bf5 15. Bd3 Bxe4 16. Bxe4 Nd7 17. e6 Ndf6 18. Re1 Nxe4 19. Rxe4 f5 20. Re2 b5 21. a4 b4 22. Nd2 Nf6 23. Nc4 Ne4 24. Qd3 h5 25. Kg2 h4 26. g4 Bd4 27. g5 Qh7 28. Be3 h3+ 29. Kh1 Bg7 30. Rf1 Qh5 31. Bg1 b3 32. Rxe4 fxe4 33. Qxe4 Qg4 34. Nxd6 Bxb2 35. e7 Rfe8 36. Rf2 Bd4 37. Qxg6+ Bg7 38. Nf5 Rxe7 39. Nh6+ Kh8 40. Nxg4 b2 41. Rxb2 Bxb2 42. Nf6 Bxf6 43. Qxf6+ Rg7 44. Bxc5 Rc8 45. g6 a5 46. f5 Rb8 47. Kg1 Kg8 48. Bd4 Rbb7 49. Qd8# 1-0


[Site "https://www.chess.com"]

[Event "Titled Tuesday Blitz August 16 Early 2022"]
[White "Filippova, Margarita"]
[Black "Ajay, Karthikeyan"]
[WhiteFideId "34199680"]
[BlackFideId "35011685"]
[WhiteElo "1734"]
[BlackElo "2168"]
[Result "1/2-1/2"]
[Round "02"]
[TimeControl "180+2"]
[Date "2022.08.18"]
[WhiteClock "0:00:00"]
[BlackClock "0:00:00"]

1. Nf3 Nf6 2. d4 g6 3. c4 Bg7 4. Nc3 O-O 5. e4 d6 6. Be2 e5 7. O-O Nc6 8. d5 Ne7 9. b4 a5 10. Ba3 axb4 11. Bxb4 b6 12. a4 Re8 13. a5 c5 14. dxc6 Nxc6 15. Bxd6 Rxa5 16. Rxa5 Nxa5 17. Bxe5 Qxd1 18. Rxd1 Nxe4 19. Nxe4 Bxe5 20. Nxe5 Rxe5 21. Bf3 Kg7 22. Nd6 Be6 23. Bd5 Bxd5 24. cxd5 Kf8 25. f4 Re7 26. Rb1 Nb7 27. Rxb6 Nxd6 28. Rxd6 Re4 29. g3 Rd4 30. Kf2 Ke7 31. Rb6 Rd2+ 32. Kg1 Rxd5 33. Kg2 Rd2+ 34. Kh3 h5 35. Rb7+ Kf6 36. Rb6+ Kg7 37. Rb7 Re2 38. Rb6 Kf8 39. Rb8+ Ke7 40. Rb7+ Kf6 41. Rb6+ Kf5 42. Rb5+ Kf6 43. Rb6+ Re6 44. Rb7 Rc6 45. Rb3 Rc5 46. Rb6+ Kf5 47. Rb7 f6 48. Rh7 Rc2 49. Rh6 g5 50. Rxh5 Rb2 51. fxg5 fxg5 52. g4+ Kf4 53. Rh8 Rb3+ 54. Kg2 Rb2+ 55. Kh3 Rb3+ 56. Kg2 Kxg4 57. h3+ Kf5 58. Rf8+ Kg6 59. Rg8+ Kh5 60. Rh8+ Kg6 61. Rg8+ Kf6 62. Rf8+ Kg7 63. Rc8 Rb6 64. Kg3 Kg6 65. Kg4 Rb4+ 66. Kg3 Rb3+ 67. Kg4 Rb4+ 68. Kg3 Rb7 69. Rg8+ Rg7 70. Rxg7+ Kxg7 71. h4 Kg6 72. hxg5 Kxg5 1/2-1/2


[Site "https://www.chess.com"]

[Event "Titled Tuesday Blitz August 16 Early 2022"]
[White "Fus, Jakub"]
[Black "Lakshmi C"]
[WhiteFideId "1193023"]
[BlackFideId "25035347"]
[WhiteElo "2220"]
[BlackElo "1775"]
[Result "1-0"]
[Round "02"]
[TimeControl "180+2"]
[Date "2022.08.18"]
[WhiteClock "0:00:00"]
[BlackClock "0:00:00"]

1. Nf3 Nf6 2. c4 e6 3. Nc3 d5 4. d4 Be7 5. cxd5 exd5 6. Qc2 O-O 7. Bg5 Nc6 8. e3 Nb4 9. Qb3 Bf5 10. Rc1 a5 11. a3 Nd3+ 12. Bxd3 Bxd3 13. Bxf6 Bxf6 14. Nxd5 Be4 15. Nc3 Bxf3 16. gxf3 a4 17. Qd5 Qc8 18. Ne4 c6 19. Nxf6+ gxf6 20. Qh5 Qe6 21. O-O Kh8 22. Kh1 Rg8 23. Rg1 Rg6 24. Rxg6 fxg6 25. Qc5 Qh3 26. f4 Qf3+ 27. Kg1 Qg4+ 28. Kf1 Qh3+ 29. Ke2 Qxh2 30. Qe7 Qh5+ 31. Kd2 Qf5 32. Rc5 Qb1 33. Qxf6+ Kg8 34. Rc2 Qf1 35. Qh4 b6 36. Rxc6 Qb5 37. Rc2 Qf1 38. Qg3 1-0


[Site "https://www.chess.com"]

[Event "Titled Tuesday Blitz August 16 Early 2022"]
[White "Garrido, Denis"]
[Black "Perez Leiva, Jerzy Jesus"]
[WhiteFideId "601217"]
[BlackFideId "3524337"]
[WhiteElo "2205"]
[BlackElo "2287"]
[Result "0-1"]
[Round "02"]
[TimeControl "180+2"]
[Date "2022.08.18"]
[WhiteClock "0:00:00"]
[BlackClock "0:00:00"]

1. c4 Nf6 2. Nc3 e6 3. d4 d5 4. cxd5 exd5 5. Bg5 c6 6. e3 Bd6 7. Qc2 h6 8. Bh4 O-O 9. Bd3 a5 10. Nge2 Re8 11. Rd1 Na6 12. a3 Nc7 13. Bg3 Ne6 14. O-O Ng5 15. Bxd6 Qxd6 16. Ng3 h5 17. f4 Ngh7 18. Rde1 g6 19. f5 g5 20. Qd1 Ng4 21. Rf3 h4 22. h3 hxg3 23. hxg4 Nf6 24. e4 dxe4 25. Bxe4 Kg7 26. Qd3 b6 27. Rxg3 Ba6 28. Qe3 Ra7 29. Qxg5+ Kf8 30. Rh3 Ng8 31. Rh8 Qxd4+ 32. Kh1 Qxh8+ 33. Kg1 Qd4+ 34. Kh1 Rae7 0-1


[Site "https://www.chess.com"]

[Event "Titled Tuesday Blitz August 16 Early 2022"]
[White "Gheorghiu, Calin"]
[Black "Terry, Renato"]
[WhiteFideId "1200305"]
[BlackFideId "3803457"]
[WhiteElo "2168"]
[BlackElo "2577"]
[Result "0-1"]
[Round "02"]
[TimeControl "180+2"]
[Date "2022.08.18"]
[WhiteClock "0:00:00"]
[BlackClock "0:00:00"]

1. d4 e6 2. Nc3 Nf6 3. Bf4 Bb4 4. a3 Bxc3+ 5. bxc3 b6 6. f3 d5 7. g4 c5 8. e3 Ba6 9. Bd3 Bxd3 10. cxd3 Nc6 11. Ne2 Rc8 12. O-O O-O 13. dxc5 bxc5 14. c4 Re8 15. Bg5 Ne5 16. Qc2 Ng6 17. e4 h6 18. Be3 Qd6 19. Rab1 Red8 20. cxd5 exd5 21. Ng3 Qa6 22. Nf5 c4 23. dxc4 dxe4 24. Rbd1 exf3 25. Rxd8+ Rxd8 26. h3 Ne5 27. Bf4 Nd3 28. Rxf3 Ne1 29. Qe2 Nxf3+ 30. Qxf3 Qxc4 31. Kg2 Qe4 32. Qxe4 Nxe4 33. Kf3 Nc3 34. Ne7+ Kf8 35. Nc6 Rd3+ 36. Kg2 Nd5 37. Bd6+ Ke8 38. Nxa7 Ne3+ 39. Kf3 Nc4+ 40. Ke2 Rxd6 0-1


[Site "https://www.chess.com"]

[Event "Titled Tuesday Blitz August 16 Early 2022"]
[White "Gil Alba, Hector Luis"]
[Black "Clawitter, Craig"]
[WhiteFideId "3504670"]
[BlackFideId "2023105"]
[WhiteElo "2331"]
[BlackElo "2050"]
[Result "1-0"]
[Round "02"]
[TimeControl "180+2"]
[Date "2022.08.18"]
[WhiteClock "0:00:00"]
[BlackClock "0:00:00"]

1. e4 e6 2. d4 d5 3. Nd2 Be7 4. Ngf3 Nf6 5. Bd3 c5 6. e5 Nfd7 7. c3 Nc6 8. O-O a5 9. a3 cxd4 10. cxd4 g5 11. g4 h5 12. h3 Qb6 13. Qa4 Nf8 14. Kg2 Bd7 15. Qb5 Qxb5 16. Bxb5 hxg4 17. hxg4 Nxe5 18. Bxd7+ Nexd7 19. Nb1 f6 20. Nc3 Kf7 21. Be3 Ng6 22. Rac1 Rac8 23. Nb5 Nb6 24. b3 Rxc1 25. Rxc1 Rc8 26. Rxc8 Nxc8 27. a4 Nd6 28. Nc3 Ne4 29. Nxe4 dxe4 30. Nd2 f5 31. gxf5 exf5 32. Nc4 Bd8 33. Nd6+ Ke6 34. Nxb7 Bb6 35. d5+ Kxd5 36. Bxb6 Kc6 37. Bxa5 Kxb7 38. Bd2 f4 39. Kh3 Ne5 40. Kg2 Nd3 41. b4 Nxf2 42. Kxf2 e3+ 43. Bxe3 fxe3+ 44. Kxe3 1-0


[Site "https://www.chess.com"]

[Event "Titled Tuesday Blitz August 16 Early 2022"]
[White "Ginzburg, Yakov"]
[Black "Alexikov, Alexander"]
[WhiteFideId "4157176"]
[BlackFideId "14103958"]
[WhiteElo "2265"]
[BlackElo "2253"]
[Result "1-0"]
[Round "02"]
[TimeControl "180+2"]
[Date "2022.08.18"]
[WhiteClock "0:00:00"]
[BlackClock "0:00:00"]

1. e4 c5 2. Nf3 d6 3. c3 Nf6 4. Be2 g6 5. O-O Bg7 6. Re1 O-O 7. Bf1 e5 8. d4 Nc6 9. h3 Re8 10. Bc4 h6 11. dxe5 dxe5 12. Nbd2 Qc7 13. Qe2 a6 14. a4 Nd8 15. b4 Ne6 16. Nb3 Nf4 17. Bxf4 exf4 18. Nxc5 b6 19. Nxa6 Qb7 20. e5 Nd7 21. b5 Nxe5 22. Nxe5 Rxe5 23. Qa2 Bf5 24. Nb4 Rxe1+ 25. Rxe1 Bxc3 26. Bd5 Qc8 27. Bxf7+ Kg7 28. Re7 1-0


[Site "https://www.chess.com"]

[Event "Titled Tuesday Blitz August 16 Early 2022"]
[White "Girinath, P.D.S."]
[Black "Broca Jimenez, Fernando"]
[WhiteFideId "5000572"]
[BlackFideId "5104742"]
[WhiteElo "2369"]
[BlackElo "2062"]
[Result "1-0"]
[Round "02"]
[TimeControl "180+2"]
[Date "2022.08.18"]
[WhiteClock "0:00:00"]
[BlackClock "0:00:00"]

1. e4 c5 2. Nf3 g6 3. c3 Bg7 4. d4 cxd4 5. cxd4 d5 6. exd5 Bg4 7. Nc3 a6 8. Be2 Nf6 9. Qb3 O-O 10. h3 Bxf3 11. Bxf3 b5 12. a4 Nbd7 13. axb5 axb5 14. Rxa8 Qxa8 15. Qxb5 Rb8 16. Qe2 Nb6 17. d6 Qa7 18. dxe7 Re8 19. O-O Rxe7 20. Qb5 h6 21. d5 Nbd7 22. d6 Re5 23. Qc6 Bf8 24. Be3 Qb8 25. Rd1 Re6 26. Nb5 Ne5 27. Qb6 Nxf3+ 28. gxf3 Qxb6 29. Bxb6 Nd7 30. Bc7 f5 31. b4 Kf7 32. Nd4 Re8 33. b5 Bg7 34. b6 Bxd4 35. Rxd4 Ke6 36. Kg2 Rc8 37. b7 Re8 38. Ra4 Nb8 39. Ra8 Kd7 40. Rxb8 Re1 41. Rd8+ Ke6 42. b8=Q Rc1 43. Re8+ Kf6 44. Qd8+ Kf7 45. Qe7# 1-0


[Site "https://www.chess.com"]